Map: Ascension to Aiur LE

Players

Xergxes

  • Race: Zerg Zerg
  • League: Diamond
  • Spawn Location: 11:00

Trizztein - Winner!

  • Race: Terran Terran
  • League: Diamond
  • Spawn Location: 5:00

VOD

Have the link to the VOD?

Description

Time

  • Played on: June 24, 2017, 7:31 p.m.
  • Length: 16:35
Show
View Real Time Build Order
Export as new Build Order

Xergxes Zerg 

Build Orders: Hatch First, Muta Ling Bane 

Get SALT Encoding   

  12  0:01  Drone  
  13  0:13  Overlord  
  13  0:17  Drone  
  14  0:32  Drone x2  
  16  0:36  Drone  
  17  0:46  Drone  
  18  0:56  Hatchery  
  17  1:01  Extractor  
  16  1:11  Spawning Pool  
  16  1:14  Drone  
  16  1:18  Drone  
  17  1:21  Drone  
  18  1:33  Drone  
  19  1:41  Overlord  
  19  1:58  Queen  
  21  2:02  Zergling x4  
  21  2:03  Metabolic Boost  
  21  2:08  Queen  
  25  2:11  Drone  
  27  2:15  Drone  
  27  2:19  Drone  
  28  2:23  Drone  
  29  2:39  Drone x2  
  30  2:48  Drone x2  
  32  2:52  Overlord  
  32  2:54  Lair  
  32  2:56  Drone  
  33  3:04  Drone  
  34  3:07  Overlord  
  34  3:11  Queen  
  36  3:16  Drone  
  36  3:17  Drone x2  
  36  3:18  Overlord  
  39  3:20  Drone  
  39  3:23  Extractor, Drone  
  39  3:24  Drone  
  41  3:31  Extractor, Drone x2  
  41  3:33  Extractor  
  41  3:37  Overlord  
  41  3:38  Drone  
  42  3:45  Drone  
  43  3:50  Drone x4  
  43  3:55  Drone  
  48  4:08  Drone x2  
  50  4:14  Overlord  
  50  4:15  Drone  
  51  4:20  Drone x3  
  51  4:23  Drone x2  
  51  4:24  Drone, Spire  
  56  4:33  Drone x2  
  58  4:44  Spine Crawler  
  57  4:47  Hatchery, Evolution Chamber  
  55  5:03  Queen x2, Overlord  
  59  5:08  Overlord  
  59  5:19  Baneling Nest  
  58  5:25  Zergling x18  
  67  5:28  Zerg Melee Weapons Level 1  
  67  5:46  Mutalisk  
  67  5:47  Extractor, Mutalisk x4  
  76  5:50  Extractor, Zerg Flyer Weapons Level 1  
  76  5:52  Mutalisk  
  76  5:53  Mutalisk x3  
  82  6:29  Mutalisk x3  
  82  6:31  Overlord  
  82  6:32  Queen  
  89  6:33  Drone x8  
  95  6:49  Drone x2  
  95  6:51  Baneling x13  
  97  6:55  Zergling x8  
  101  7:04  Zergling x4  
  101  7:15  Zergling x2  
  101  7:16  Zergling x6  
  101  7:17  Overseer  
  105  7:28  Zergling x2  
  106  7:30  Overlord x2  
  106  7:48  Overlord x2  
  106  7:51  Drone x2  
  106  7:52  Drone x5, Centrifical Hooks  
  106  7:57  Hatchery  
  112  7:59  Drone x2  
  114  8:05  Zergling x2  
  114  8:12  Hatchery  
  101  8:23  Zergling x2  
  101  8:24  Zergling x22  
  110  8:31  Zerg Melee Weapons Level 2  
  109  8:41  Drone  
  109  8:42  Drone x3  
  113  8:51  Mutalisk x5  
  113  8:52  Evolution Chamber  
  113  8:53  Overseer  
  120  9:11  Zergling x10  
  120  9:12  Zergling x10  
  120  9:13  Baneling x13  
  120  9:14  Pneumatized Carapace  
  130  9:19  Zergling x8  
  134  9:34  Overseer  
  134  9:36  Overlord  
  133  9:41  Overlord x2  
  133  9:44  Infestation Pit  
  132  9:54  Drone  
  132  9:55  Drone x7  
  132  9:57  Hatchery  
  132  9:59  Queen  
  141  10:01  Drone  
  141  10:02  Drone x5, Overlord  
  141  10:03  Overlord  
  141  10:04  Overlord  
  141  10:05  Queen  
  149  10:07  Zerg Ground Armor Level 1  
  149  10:19  Zergling x16  
  157  10:22  Baneling  
  157  10:23  Baneling x24  
  157  10:24  Baneling x13  
  157  10:25  Zergling x12  
  163  10:31  Extractor  
  163  10:32  Extractor  
  161  10:40  Zergling x12  
  161  10:41  Zergling x14  
  172  11:05  Zergling x16  
  172  11:06  Zergling x4  
  172  11:08  Overlord  
  157  11:26  Zergling x2  
  157  11:27  Zergling x26  
  157  11:29  Overlord x4  
  141  11:48  Zergling x2  
  141  11:49  Zergling x26  
  145  12:00  Zergling x4  
  145  12:01  Zergling x10  
  126  12:09  Baneling x10  
  124  12:18  Zergling x20  
  124  12:20  Overseer  
  124  12:22  Overseer, Hatchery  
  133  12:23  Overseer  
  133  12:29  Mutalisk  
  133  12:30  Mutalisk x5  
  143  12:42  Zergling x10  
  146  12:47  Overlord  
  146  12:48  Overlord x3  
  146  12:50  Zergling x2  
  147  12:52  Overseer  
  119  13:15  Zergling x2  
  119  13:16  Zergling x20  
  119  13:19  Zergling x2  
  117  13:20  Zergling x4  
  117  13:24  Zerg Ground Armor Level 2  
  117  13:26  Hive  
  117  13:30  Zergling x2  
  117  13:31  Zergling x10  
  117  13:33  Queen  
  125  13:39  Zergling x6  
  127  13:42  Baneling  
  127  13:43  Baneling x21  
  127  13:44  Mutalisk  
  129  13:51  Extractor x2  
  129  13:54  Zergling x12  
  129  13:55  Zergling x2  
  133  14:01  Zergling x8  
  133  14:02  Zergling x2  
  134  14:31  Zergling x30  
  136  14:32  Zergling x2  
  119  14:54  Zergling x2  
  119  14:55  Zergling x20  
  116  15:02  Ultralisk Cavern  
  115  15:13  Baneling x13  
  115  15:16  Zergling x16  
  122  15:31  Mutalisk x5  
  122  15:32  Mutalisk x3  
  138  15:40  Hatchery  
  138  15:42  Zergling x8  
  141  15:49  Zergling x4  
  144  15:50  Zergling x2  
  144  15:54  Baneling x8  
  144  15:56  Zergling x2  
  140  16:07  Overseer  
  139  16:15  Zergling x18  
  139  16:18  Baneling x3  
Show
View Real Time Build Order
Export as new Build Order

Trizztein Terran - Winner!

Build Orders: Reaper Expand, MMM Bio 

Get SALT Encoding   

  12  0:00  SCV  
  13  0:13  SCV  
  14  0:17  Supply Depot  
  14  0:25  SCV  
  15  0:38  SCV  
  15  0:40  Barracks  
  16  0:46  Refinery  
  16  0:50  SCV  
  17  1:03  SCV  
  18  1:15  SCV  
  19  1:27  Orbital Command  
  19  1:30  Reaper  
  20  1:44  Command Center  
  20  1:55  Barracks  
  20  1:58  SCV  
  21  2:03  Barracks Reactor  
  21  2:10  SCV  
  21  2:13  Refinery  
  22  2:16  Supply Depot  
  22  2:22  SCV  
  23  2:31  Factory  
  23  2:37  SCV  
  24  2:47  Marine  
  24  2:48  Marine, Barracks Tech Lab  
  26  2:53  SCV  
  27  2:58  Orbital Command  
  27  3:05  Marine x2, SCV  
  30  3:12  Marine  
  30  3:13  Stimpack  
  30  3:17  SCV  
  32  3:20  Starport  
  32  3:25  SCV  
  33  3:27  Factory Reactor  
  33  3:29  SCV  
  34  3:37  SCV  
  35  3:41  Marine x3, SCV  
  39  3:49  SCV  
  39  3:53  SCV  
  41  4:00  Supply Depot  
  41  4:01  SCV  
  42  4:05  SCV  
  43  4:13  SCV  
  43  4:18  Medivac, SCV  
  43  4:20  Supply Depot  
  43  4:21  Medivac, Marine x3, Widow Mine  
  53  4:24  Supply Depot  
  53  4:25  SCV  
  54  4:37  Supply Depot  
  54  4:41  Marine x2, SCV x2  
  54  4:43  Marine  
  59  4:48  Medivac  
  59  4:49  Engineering Bay  
  59  4:52  Engineering Bay  
  61  4:53  SCV x2  
  61  4:59  Marine x2  
  65  5:03  Marine  
  65  5:05  SCV x2  
  68  5:07  Refinery  
  68  5:09  Factory Reactor, Supply Depot  
  68  5:17  Marine x2  
  68  5:18  SCV x2  
  72  5:29  Marine  
  72  5:30  Terran Infantry Armor Level 1, Terran Infantry Weapons Level 1, SCV  
  72  5:33  Supply Depot  
  72  5:34  Marine, Combat Shields  
  72  5:35  Marine  
  75  5:36  SCV  
  75  5:42  SCV  
  78  5:43  Command Center  
  78  5:47  Marine  
  78  5:48  SCV  
  80  5:52  Marine  
  80  5:54  SCV  
  82  5:57  Starport Reactor  
  82  6:00  Factory Reactor  
  81  6:15  Marine  
  81  6:16  Marine x2, SCV  
  84  6:22  Barracks  
  84  6:23  Barracks x2  
  84  6:30  SCV  
  84  6:31  Missile Turret  
  85  6:33  Marine x2  
  85  6:35  Missile Turret  
  85  6:36  Missile Turret, Supply Depot  
  85  6:38  Supply Depot  
  83  6:48  Marine  
  83  6:49  SCV  
  83  6:51  Marine x2  
  87  6:55  Orbital Command  
  87  6:58  Concussive Shells  
  87  6:59  Armory  
  87  7:01  Widow Mine x2  
  87  7:05  Medivac x2  
  87  7:06  Marine  
  91  7:09  Marine x2  
  91  7:14  Marine x3, SCV x2  
  97  7:24  Marine  
  97  7:26  SCV  
  97  7:27  Marine x2  
  97  7:28  Supply Depot  
  97  7:29  Supply Depot  
  101  7:32  Marine x3  
  101  7:33  Widow Mine x2  
  101  7:35  Medivac  
  110  7:42  Marine  
  111  7:45  Marine x2  
  111  7:47  Orbital Command  
  111  7:49  Marine  
  111  7:50  Marine x2  
  116  7:54  Terran Infantry Armor Level 2, Terran Infantry Weapons Level 2  
  116  7:59  Marine  
  116  8:02  Marine x2  
  119  8:07  Marine  
  119  8:08  Marine x2  
  122  8:17  Marine  
  117  8:20  Marine x2  
  117  8:25  SCV x2  
  118  8:31  Marine x3  
  121  8:35  Marine, Supply Depot  
  121  8:36  Supply Depot  
  121  8:37  SCV x2  
  124  8:41  SCV  
  124  8:42  Marine x2  
  124  8:47  Barracks  
  127  8:48  Barracks  
  127  8:49  Marine x2, Widow Mine x2, SCV x2, Barracks  
  127  8:50  Medivac  
  127  8:53  SCV  
  127  8:55  Supply Depot  
  138  8:56  Supply Depot  
  138  8:59  Marine x2  
  138  9:00  Marine x2  
  138  9:01  SCV x2  
  144  9:04  Missile Turret  
  144  9:10  Marine x2  
  144  9:14  SCV x2  
  148  9:17  Marine x3  
  148  9:18  Marine  
  152  9:27  Marine x2  
  153  9:33  Widow Mine x2  
  153  9:34  Medivac x2  
  153  9:35  Marine x3  
  153  9:36  Refinery  
  153  9:37  Marine x2  
  153  9:38  Refinery  
  167  9:39  Barracks Tech Lab  
  167  9:41  Barracks Tech Lab  
  165  9:45  Marine x2, Supply Depot x2  
  165  9:47  Supply Depot  
  167  9:53  Marine x3  
  167  9:54  Supply Depot  
  167  9:56  Terran Vehicle Weapons Level 1, Supply Depot  
  167  9:57  Marauder  
  167  9:58  Barracks Tech Lab  
  173  10:02  Marine  
  173  10:06  Widow Mine x2  
  173  10:07  Marine  
  173  10:10  Marine x2, Command Center  
  173  10:11  Marine x2, Marauder  
  184  10:14  Terran Infantry Armor Level 3, Terran Infantry Weapons Level 3  
  184  10:19  Marauder  
  186  10:26  Marine x2  
  186  10:27  Marine  
  186  10:28  Marine, Medivac x2  
  192  10:35  Widow Mine x2  
  198  10:44  Marine x2  
  200  10:51  Supply Depot, Bunker  
  200  10:52  Supply Depot  
  200  11:03  Marine x3  
  200  11:18  Marine x4  
  196  11:19  Marine x2  
  196  11:20  Marine x2  
  196  11:25  Marine  
  192  11:28  Widow Mine x2  
  192  11:29  Medivac  
  198  11:36  Marine x3  
  198  11:37  Marine x2  
  191  11:42  Marine x3  
  171  11:48  Marine  
  171  11:53  Marine  
  171  11:54  Marine x2  
  171  11:55  Marine x2  
  171  11:57  Widow Mine x2  
  171  12:00  Marine x3  
  173  12:06  Marine  
  173  12:11  Marine x3  
  173  12:12  Starport  
  173  12:13  Marine x2  
  173  12:14  Starport  
  178  12:16  Starport  
  178  12:18  Marine x3, SCV  
  182  12:24  Marine  
  182  12:29  Marine x3  
  186  12:30  Marine x2  
  186  12:31  Command Center  
  186  12:34  Liberator  
  186  12:36  Marine x3  
  184  12:41  Command Center  
  184  12:42  Marine  
  185  12:47  Marine x3  
  185  12:48  Marine x2  
  185  12:49  Widow Mine x2  
  197  12:53  Marine x3  
  197  12:57  Hi-Sec Auto Tracking, Building Armor  
  200  13:05  Marine x2  
  174  13:15  Marine x3  
  174  13:16  Marine  
  174  13:17  Marine x2  
  174  13:18  Widow Mine  
  170  13:22  Marine x2  
  170  13:23  Marine, SCV x2  
  175  13:32  Widow Mine  
  175  13:33  Marine x4  
  175  13:34  Liberator  
  180  13:35  Marine x2  
  180  13:39  Marine  
  183  13:46  Marine x2, Widow Mine  
  187  13:51  Marine  
  187  13:53  SCV  
  192  13:57  Refinery  
  192  14:02  Refinery  
  192  14:04  Planetary Fortress  
  192  14:07  Refinery x2  
  192  14:14  Marine x6  
  194  14:18  Planetary Fortress  
  191  14:24  Marine x3  
  194  14:32  Marine  
  194  14:38  Marine x4, Widow Mine  
  193  14:43  Marine x4  
  187  14:50  Marine  
  159  14:56  Marine x4  
  159  14:57  Liberator  
  155  15:01  Marine x4  
  157  15:07  Marine  
  157  15:14  Marine x4  
  158  15:19  Marine x4  
  167  15:23  Missile Turret  
  167  15:25  Marine, Missile Turret  
  168  15:29  Planetary Fortress, Liberator  
  168  15:30  Liberator x2  
  168  15:31  Marine  
  168  15:32  Marine x3  
  172  15:37  Marine  
  172  15:38  Marine x3  
  185  15:57  Marine x4  
  185  15:58  Marauder  
  185  16:03  Marine  
  185  16:04  Marine x3  
  187  16:15  Marine x2  
Tags
 
Add a new tag
Caveats
  • Supply blocks, unpowered buildings, or Contaminate may cause inaccurate times.
  • Supply counts are checked every 10 seconds.